 Dungeon Crawl Stone Soup version 0.21.1-1-g345015f (webtiles) character file.

93 xccam the Cudgeler (level 4, -2/33 HPs)
             Began as a Demonspawn Gladiator on Mar 17, 2018.
             Killed by divine providence
             ... invoked by an orc priest
              (14 damage)
             ... on level 4 of the Dungeon.
             The game lasted 00:05:57 (2067 turns).

xccam the Cudgeler (Demonspawn Gladiator)           Turns: 2067, Time: 00:05:59

Health: -2/33      AC:  8    Str: 14 (16) XL:     4   Next: 36%
Magic:  4/4        EV: 12    Int:  8 (9)  God:
Gold:   89         SH:  0    Dex: 12 (14) Spells: 3/3 levels left

rFire    . . .     SeeInvis .   a - +0 flail
rCold    + . .     Gourm    .   (no shield)
rNeg     . . .     Faith    .   q - +2 leather armour {rC+}
rPois    .         Spirit   .   i - +2 hat
rElec    .         Reflect  .   (no cloak)
rCorr    .         Harm     .   c - +0 pair of gloves
MR       .....                  (no boots)
Stlth    +.........             (no amulet)
HPRegen  0.11/turn              (no ring)
MPRegen  0.09/turn              (no ring)

@: no status effects
A: demonic guardian 1, powered by pain 1
a: no special abilities


You were on level 4 of the Dungeon.
You were not hungry.

You visited 1 branch of the dungeon, and saw 4 of its levels.

You collected 89 gold pieces.

Inventory:

Hand Weapons
 a - a +0 flail (weapon)
Missiles
 d - 3 throwing nets (quivered)
 s - 4 tomahawks
Armour
 c - a +0 pair of gloves (worn)
 g - a +0 ring mail
 i - a +2 hat (worn)
 q - a +2 leather armour of cold resistance (worn)
Scrolls
 b - a scroll of random uselessness {unknown}
 e - a scroll of fear {unknown}
 j - a scroll of fog {unknown}
 k - 2 scrolls of enchant armour {unknown}
 l - a scroll of amnesia {unknown}
 n - 5 scrolls of remove curse {unknown}
 o - 4 scrolls of identify {unknown}
 p - 2 scrolls of teleportation {unknown}
Comestibles
 f - 7 rations


   Skills:
 - Level 2.0 Fighting
 + Level 4.7 Maces & Flails
 - Level 1.7 Throwing
 - Level 2.6 Dodging


You had 3 spell levels left.
You didn't know any spells.

Dungeon Overview and Level Annotations

Branches:
Dungeon (4/15)
 Temple: D:4-7

Altars:
Elyvilon


Innate Abilities, Weirdness & Mutations

A weak demonic guardian rushes to your aid.
You sometimes gain a little power by taking damage.


Message History

Found a stone staircase leading up.
There is a stone staircase leading up here.
You aren't carrying any items that you can evoke.
The orc wizard gestures wildly while chanting.
The orc wizard seems to speed up.
A leopard gecko skeleton comes into view.
An orc priest comes into view. It is wielding a mace.
There is a stone staircase leading up here.
The orc priest shouts!
You hear an angry hiss.
The orc priest calls down the wrath of Beogh upon you.
Beogh smites you!
You hear a shout!
A howler monkey comes into view.
The orc wizard hits you with a dagger.
Your quasit bites the orc wizard.
Your quasit barely misses the orc wizard.
Your quasit claws the orc wizard but does no damage.
The howler monkey moves out of view.
The orc priest mumbles some strange prayers to Beogh against you.
Beogh smites you!
You die...

.. #.##### .#
#......###.#
#...#.#
#######@#.#
#.?<.##o#.#####
#(....5s......#
#....o........#
#...o.........#
#....##########
#.Zo. .l.. ....


You could see an orc priest, an orc wizard, 2 orcs, a leopard gecko, a giant
cockroach, a leopard gecko skeleton and a friendly quasit.

Vanquished Creatures
  2 adders (D:3)
  3 worms
  3 leopard geckos
  9 bats
  4 giant cockroaches (D:1)
  7 goblins
  7 hobgoblins
  8 jackals
  A ball python (D:3)
  3 frilled lizards
  7 kobolds
  5 rats
59 creatures vanquished.

Notes
Turn   | Place    | Note
-------+----------+-------------------------------------------
     0 | D:1      | xccam the Demonspawn Gladiator began the quest for the Orb.
     0 | D:1      | Reached XP level 1. HP: 16/16 MP: 1/1
   141 | D:1      | Reached skill level 3 in Maces & Flails
   195 | D:1      | Gained mutation: A weak demonic guardian rushes to your aid. [demonic ancestry]
   195 | D:1      | Reached XP level 2. HP: 15/22 MP: 2/2
   815 | D:2      | Reached XP level 3. HP: 26/27 MP: 3/3
   937 | D:2      | Reached skill level 4 in Maces & Flails
  1419 | D:3      | Found a white marble altar of Elyvilon.
  1508 | D:3      | HP: 1/27 [adder (2)]
  1515 | D:3      | Gained mutation: You sometimes gain a little power by taking damage. [demonic ancestry]
  1515 | D:3      | Reached XP level 4. HP: 12/33 MP: 4/4
  2067 | D:4      | Killed from afar by an orc priest

Skill      XL: |  1  2  3 |
---------------+----------+-----
Maces & Flails | 3 4 |  4.7
Fighting       | |  2.0
Throwing       | |  1.7
Dodging        | |  2.6

Action                   |  1- 3 |  4- 6 || total
-------------------------+-------+-------++-------
Melee: Flail             |   141 |    35 ||   176
  Use: Potion            |     4 |       ||     4
 Stab: Distracted        |     1 |       ||     1
       Sleeping          |     1 |       ||     1
  Eat: Chunk             |     2 |     2 ||     4
Armor: Leather armour    |    71 |    18 ||    89
Dodge: Dodged            |   110 |    22 ||   132
